 Dungeon Crawl Stone Soup version 0.31-a0-618-g7ca08c1ff9 (webtiles) character file.

Game seed: 8120025472772841772

1315 Dittersdorf the Trooper (level 8, -1/52 HPs)
             Began as a Gargoyle Fighter on Aug 22, 2023.
             Killed from afar by an electric eel (4 damage)
             ... with a bolt of electricity
             ... on level 6 of the Dungeon.
             The game lasted 00:05:46 (4527 turns).

Dittersdorf the Trooper (Gargoyle Fighter)          Turns: 4527, Time: 00:05:46

Health: -1/52      AC: 19    Str: 21    XL:     8   Next: 58%
Magic:  8/8        EV:  7    Int: 10    God:
Gold:   249        SH:  9    Dex:  9    Spells: 7/7 levels left

rFire   . . .        a - +1 flail (flame)
rCold   . . .        u - +0 kite shield
rNeg    + . .        o - +0 chain mail
rPois   ∞            (no helmet)
rElec   +            (no cloak)
rCorr   .            n - +2 pair of gloves
SInv    .            (no boots)
Will    .....        (no amulet) Stlth
                     e - ring of wizardry
HPRegen 0.28/turn    (no ring)
MPRegen 0.11/turn

%: wizardry (x1)
@: no status effects
A: sickness immunity, AC +5, negative energy resistance 1, electricity
resistance, torment resistance 1, petrification resistance
a: no special abilities


You were on level 6 of the Dungeon.
You visited 1 branch of the dungeon, and saw 6 of its levels.

You collected 298 gold pieces.
You spent 49 gold pieces at shops.

Inventory:

Hand Weapons
 a - a +1 flail of flaming (weapon)
Armour
 n - a +2 pair of gloves (worn)
 o - a +0 chain mail (worn)
 u - a +0 kite shield (worn)
Magical Staves
 s - a staff of earth
Jewellery
 e - a ring of wizardry (left hand)
Wands
 m - a wand of flame (24)
 r - a wand of iceblast (6)
 w - a wand of paralysis (12)
Scrolls
 b - 2 scrolls of fog
 f - 2 scrolls of blinking
 g - 2 scrolls of enchant weapon
 i - a scroll of revelation
 p - 3 scrolls of teleportation
 q - 2 scrolls of identify
Potions
 c - a potion of mutation
 d - a potion of might
 h - 5 potions of heal wounds
 j - a potion of brilliance
 k - 2 potions of haste
 l - a potion of magic
 t - 2 potions of ambrosia


   Skills:
 + Level 6.4 Fighting
 + Level 5.4 Maces & Flails
 + Level 6.4 Armour
 + Level 6.4 Shields


You had 7 spell levels left.
You didn't know any spells.
Your spell library was empty.

Dungeon Overview and Level Annotations

Branches:
Dungeon (6/15)
 Temple: D:4-7

Altars:
Hepliaklqana
Ru
Trog

Shops:
D:5 [


Innate Abilities, Weirdness & Mutations

You are immune to sickness and miasma.
Your stone body is resilient. (AC +5)
You are immune to poison.
You resist negative energy. (rN+)
You are resistant to electric shocks. (rElec)
You are resistant to unholy torment.
You are immune to petrification.


Message History

You barely miss the electric eel.
The electric eel shoots out a bolt of lightning at you!
The bolt of electricity hits you. You resist.
You miss the electric eel.
The electric eel shoots out a bolt of lightning at you!
The bolt of electricity hits the electric eel.
The electric eel completely resists.
The bolt of electricity hits you. You resist.
The electric eel shoots out a bolt of lightning at you!
The bolt of electricity hits you. You resist.
You thump the electric eel! You burn the electric eel.
The electric eel is severely wounded.
The electric eel shoots out a bolt of lightning at you!
The bolt of electricity hits the electric eel.
The electric eel completely resists.
The bolt of electricity hits you. You resist.
* * * LOW HITPOINT WARNING * * *
The electric eel shoots out a bolt of lightning at you!
The bolt of electricity hits you. You resist.
* * * LOW HITPOINT WARNING * * *
The electric eel shoots out a bolt of lightning at you!
The bolt of electricity hits the electric eel.
The electric eel completely resists.
The bolt of electricity hits you. You resist.
* * * LOW HITPOINT WARNING * * *
The electric eel shoots out a bolt of lightning at you!
The bolt of electricity hits you. You resist.
* * * LOW HITPOINT WARNING * * *
The electric eel shoots out a bolt of lightning at you!
The bolt of electricity hits you. You resist.
* * * LOW HITPOINT WARNING * * *
Found a stone staircase leading up.
The electric eel shoots out a bolt of lightning at you!
The bolt of electricity misses you.
The electric eel shoots out a bolt of lightning at you!
The bolt of electricity hits you. You resist.
* * * LOW HITPOINT WARNING * * *
The electric eel shoots out a bolt of lightning at you!
The bolt of electricity hits you. You resist.
You die...

...##.....#...........~≈≈~~~
#####....#.............~≈PP.
.#..#.#..#.............P≈~~.
......#....######.....~~≈~~.
.##.#.#....# #.......~P~~..
.####......####.......~~~~~.
.##..†................~P~≈~?
...........#..........S~≈≈≈.
))........###.#.@....S~≈≈≈≈~
.........###......#..S≈≈≈≈~~
..........#..........~~≈≈~..
.....................~≈≈≈~..
....................~~≈≈≈~~.
P..................~~~≈≈≈P..
P.............)[...~≈≈≈P~~~.
<.........~~≈≈≈~.~.


You could see 3 electric eels.

Vanquished Creatures
  A sky beast (D:6)
  3 ogres (D:4)
  A phantom (D:5)
  A bullfrog (D:6)
  3 scorpions
  A quasit (D:4)
  3 orc priests
  4 hounds
  2 jellies
  3 iguanas
  Ijyb (D:3)
  Terence (D:2)
  2 orc wizards
  6 adders
  A shadow imp (D:4)
  2 white imps
  5 ufetubi
  4 dart slugs
  19 orcs
  2 endoplasms
  5 giant cockroaches
  4 goblins
  3 hobgoblins
  2 jackals (D:2)
  2 quokkas (D:2)
  8 ball pythons
  4 bats
  2 frilled lizards (D:2)
  3 kobolds (D:3)
  A rat (D:3)
99 creatures vanquished.

Notes
Turn   | Place    | Note
-------+----------+-------------------------------------------
     0 | D:1      | Dittersdorf the Gargoyle Fighter began the quest for the
                  | Orb.
     0 | D:1      | Reached XP level 1. HP: 14/14 MP: 1/1
   186 | D:1      | Reached XP level 2. HP: 19/19 MP: 2/2
   513 | D:2      | Noticed Terence
   523 | D:2      | Killed Terence
   524 | D:2      | Reached XP level 3. HP: 8/24 MP: 3/3
   786 | D:2      | Reached XP level 4. HP: 29/29 MP: 4/4
  1257 | D:3      | Found a faded altar of an unknown god.
  1292 | D:3      | Reached XP level 5. HP: 27/33 MP: 5/5
  1568 | D:3      | Noticed Ijyb
  1571 | D:3      | Paralysed by Ijyb for 4 turns
  1582 | D:3      | Paralysed by Ijyb for 5 turns
  1590 | D:3      | Paralysed by Ijyb for 5 turns
  1600 | D:3      | Killed Ijyb
  1853 | D:4      | Noticed an ogre
  1964 | D:4      | Reached XP level 6. HP: 32/39 MP: 6/6
  2187 | D:4      | Reached skill level 5 in Fighting
  2187 | D:4      | Reached skill level 5 in Armour
  2187 | D:4      | Reached skill level 5 in Shields
  2187 | D:4      | Reached XP level 7. HP: 16/44 MP: 7/7
  2590 | D:4      | Found a hazy altar of Hepliaklqana.
  2596 | D:4      | Found a bloodstained altar of Trog.
  2853 | D:5      | Entered Level 5 of the Dungeon
  3393 | D:5      | Reached XP level 8. HP: 46/51 MP: 8/8
  3759 | D:5      | Reached skill level 5 in Maces & Flails
  3810 | D:5      | Found Qoep Qiecs's Armour Shop.
  3818 | D:5      | Bought a +0 kite shield for 49 gold pieces
  4163 | D:6      | Found a sacrificial altar of Ru.
  4527 | D:6      | Killed from afar by an electric eel

Illustrated notes

Levels and vault maps discovered:
D:1:      lemuel_arrival_broad_hall, layout_rooms, ebering_dispersal_statue_hall
D:2:      layout_loops_cross, minmay_misc_feat_five, uniq_terence
D:3:      layout_basic, shapermc_ecumenical_altar_mp_ritualfount, uniq_ijyb
D:4:      layout_basic, mainiacjoe_overflow_catwalk_spiral, serial_demonic,
          serial_demonic_g, serial_demonic_g, serial_demonic_g, serial_demonic_c
D:5:      layout_basic, serial_shops, nicolae_shop_pleasant_corner_grove
D:6:      layout_cave_pools, hangedman_ru_absence,
          mainiacjoe_overflow_boulevard, minmay_temple_entry_antechambers,
          chequers_big_river, minmay_ruffians, uniq_menkaure,
          uniq_crazy_yiuf_cottage

Skill      XL: |  1  2  3  4  5  6  7  8 |
---------------+-------------------------+-----
Fighting       | 4 5 6 |  6.4
Armour         | 4 5 6 |  6.4
Shields        | 4 5 6 |  6.4
Maces & Flails | 3 4 5 |  5.4

Action                     |  1- 3 |  4- 6 |  7- 9 || total
---------------------------+-------+-------+-------++-------
  Melee: Flail             |    98 |   189 |   201 ||   488
    Use: Scroll            |       |    15 |     3 ||    18
 Armour: Scale mail        |    31 |       |       ||    31
         Chain mail        |    33 |   199 |   153 ||   385
  Dodge: Dodged            |    51 |   135 |    91 ||   277
  Block: Buckler           |    24 |    68 |    27 ||   119
         Kite shield       |       |       |    45 ||    45

Table legend: (Time is in decaauts)
 A = Elapsed time spent in this place.
 B = Non-inter-level travel time spent in this place.
 C = Inter-level travel time spent in this place.
 D = Time resting spent in this place.
 E = Time spent auto-exploring this place.
 F = Levels seen in this place.
 G = Mean time per level.
                   A        B        C        D        E       F      G
               +--------+--------+--------+--------+--------+-----+--------+
         Total |   4657 |   4432 |    225 |    173 |   3227 |   6 |  776.2 |
       Dungeon |   4657 |   4432 |    225 |    173 |   3227 |   6 |  776.2 |
               +--------+--------+--------+--------+--------+-----+--------+

Top non-repeatable levels by time:
     D:4: 1139 daAuts
     D:5: 1047 daAuts
     D:3: 815 daAuts
     D:2: 804 daAuts
     D:6: 486 daAuts
     D:1: 363 daAuts
